[Event "Titled Tuesday Blitz July 11 Early 2023"]
[White "Gorovets, Andrey"]
[Black "Shimanov, Aleksandr"]
[WhiteFideId "13504037"]
[BlackFideId "4198603"]
[WhiteElo "2768"]
[BlackElo "2925"]
[Result "1-0"]
[Round "9"]
[TimeControl "180+2"]
[Date "2023.07.11"]
[WhiteClock "0:00:10"]
[BlackClock "0:00:00"]
[Board "13"]

1. d4 g6 2. Nf3 Bg7 3. c4 d6 4. Nc3 Nf6 5. g3 O-O 6. Bg2 Nc6 7. O-O e5 8. d5 Nb8 9. c5 Na6 10. cxd6 cxd6 11. a4 Bd7 12. Nd2 Ne8 13. Nc4 Rc8 14. b3 Nc5 15. Be3 Qe7 16. Rc1 f5 17. Nb5 Bxb5 18. axb5 b6 19. b4 Nd7 20. Qa4 f4 21. Bd2 Rc7 22. Na3 Nb8 23. Rxc7 Qxc7 24. Bh3 Nf6 25. Be6+ Kh8 26. Rc1 Qe7 27. Qc2 fxg3 28. hxg3 Ne8 29. Qc8 Nf6 30. Qc7 Nbd7 31. Qxa7 Rd8 32. Bg5 h6 33. Bxf6 Qxf6 34. Bxd7 Qf7 35. Rc7 Rf8 36. f3 e4 37. Be6 Qf6 38. Rxg7 Qxg7 39. Qxg7+ Kxg7 40. Nc4 exf3 41. exf3 Rxf3 42. Nxd6 Rxg3+ 43. Kf2 Rb3 44. Nc8 Rxb4 45. d6 Rd4 46. d7 Kf6 47. Bh3 h5 48. Na7 g5 49. Nc6 Rd2+ 50. Ke3 Rd6 51. d8=Q+ Rxd8 52. Nxd8 Ke5 53. Bd7 Kd6 54. Bc6 Ke7 55. Nb7 g4 56. Kf4 Ke6 57. Kg3 Ke5 58. Kh4 Kd4 59. Kxh5 g3 60. Kg4 1-0


[Site "https://www.chess.com"]

[Event "Titled Tuesday Blitz July 11 Early 2023"]
[White "Ibarra Jerez, Jose Carlos"]
[Black "Bauman_Guy"]
[WhiteFideId "2226332"]
[WhiteElo "2913"]
[BlackElo "2765"]
[Result "1-0"]
[Round "9"]
[TimeControl "180+2"]
[Date "2023.07.11"]
[WhiteClock "0:00:05"]
[BlackClock "0:00:04"]
[Board "14"]

1. e4 c5 2. Nc3 d6 3. d4 cxd4 4. Qxd4 Nc6 5. Qd2 g6 6. b3 Bg7 7. Bb2 a6 8. O-O-O b5 9. f3 b4 10. Nd5 Bxb2+ 11. Kxb2 a5 12. Bb5 Bd7 13. Ne2 Ne5 14. Bxd7+ Nxd7 15. Nd4 Rc8 16. h4 Ngf6 17. Qh6 e6 18. Ne3 Qb6 19. Nc4 Rxc4 20. bxc4 Ke7 21. Nb5 Ne5 22. Nxd6 Rd8 23. Qg5 Rxd6 24. Qxe5 Rc6 25. Rd4 Nd7 26. Qg5+ f6 27. Rxd7+ Kxd7 28. Qxf6 Kc8 29. Rd1 Kb7 30. Qd4 Qc7 31. Kb3 Ka6 32. c5 Rxc5 33. Qd6+ Kb7 34. Qxe6 Rc3+ 35. Ka4 Qc6+ 36. Qxc6+ Kxc6 37. Kxa5 Kc5 38. Rd5+ Kc4 39. Rd2 Ra3+ 40. Kb6 Rxa2 41. Kc6 Kc3 42. Rd7 Rxc2 43. Rxh7 b3 44. Rb7 Rxg2 45. Kd5 Rf2 46. e5 Rxf3 47. e6 Re3 48. e7 b2 49. Kd6 Kc2 50. Kd7 Rd3+ 51. Ke6 Re3+ 52. Kf7 Rf3+ 53. Kxg6 Re3 54. Kf7 Rf3+ 55. Ke8 Re3 56. h5 b1=Q 57. Rxb1 Kxb1 58. h6 Kc2 59. Kf7 Rf3+ 60. Kg6 Rg3+ 61. Kf6 Rf3+ 62. Kg5 Re3 63. h7 Rxe7 64. h8=Q Re2 65. Kf4 Rd2 66. Qc8+ Kd1 67. Ke3 Re2+ 68. Kf3 Rd2 69. Qc4 Rc2 70. Qd3+ Kc1 71. Ke3 Kb2 72. Qb5+ Kc1 73. Qb4 Rb2 74. Qe1+ Kc2 75. Qd2+ Kb3 76. Qd1+ Ka2 77. Kd3 Rb3+ 78. Kc4 Rb2 79. Qa4+ Kb1 80. Kc3 Kc1 81. Qf4+ Kb1 82. Qf1+ Ka2 83. Qa6+ Kb1 84. Qd3+ Ka2 85. Qd5+ Kb1 86. Qe5 Rc2+ 87. Kb3 Kc1 88. Qe1# 1-0


[Site "https://www.chess.com"]

[Event "Titled Tuesday Blitz July 11 Early 2023"]
[White "Mahdavi, Reza"]
[Black "Zhigalko, Sergei"]
[WhiteFideId "12595926"]
[BlackFideId "13502956"]
[WhiteElo "2762"]
[BlackElo "2881"]
[Result "1-0"]
[Round "9"]
[TimeControl "180+2"]
[Date "2023.07.11"]
[WhiteClock "0:00:12"]
[BlackClock "0:00:01"]
[Board "15"]

1. e4 c5 2. Nf3 Nc6 3. d4 cxd4 4. Nxd4 Nf6 5. Nc3 e5 6. Ndb5 d6 7. Bg5 a6 8. Na3 b5 9. Nab1 Be7 10. Bxf6 Bxf6 11. a4 b4 12. Nd5 O-O 13. Bc4 Bg5 14. O-O Kh8 15. c3 Rb8 16. cxb4 Nxb4 17. Nxb4 Rxb4 18. b3 f5 19. Nc3 fxe4 20. Nxe4 Be7 21. Nc3 a5 22. Nd5 Rb8 23. Qd2 Bg5 24. Qc3 Bb7 25. Rad1 Rc8 26. Qh3 Rc5 27. Qd3 Qd7 28. Nc3 Be7 29. Bd5 Bc8 30. Ne4 Rc7 31. Bc4 Bb7 32. Nxd6 Qc6 33. Nxb7 Qxb7 34. Qh3 g6 35. Qe6 Bf6 36. Rd5 Re7 37. Qd6 e4 38. Rxa5 Bc3 39. Rb5 Qa7 40. Qb6 Qxb6 41. Rxb6 Bd4 42. Rd6 Ba7 43. g3 Re5 44. Kg2 Ref5 45. Rd2 h5 46. h4 Kg7 47. Re2 Re5 48. Bd3 Rfe8 49. Rfe1 e3 50. fxe3 Bxe3 51. Rc2 Kh6 52. Rc6 R8e6 53. Rxe6 Rxe6 54. Kf3 g5 55. Rxe3 Rf6+ 56. Ke2 gxh4 57. gxh4 Rf4 58. Re4 Rxe4+ 59. Bxe4 1-0


[Site "https://www.chess.com"]

[Event "Titled Tuesday Blitz July 11 Early 2023"]
[White "Papasimakopoulos, Alexandros"]
[Black "Grandelius, Nils"]
[WhiteFideId "4244125"]
[BlackFideId "1710400"]
[WhiteElo "2736"]
[BlackElo "2869"]
[Result "0-1"]
[Round "9"]
[TimeControl "180+2"]
[Date "2023.07.11"]
[WhiteClock "0:02:10"]
[BlackClock "0:01:41"]
[Board "16"]

1. d4 Nf6 2. c4 e6 3. Nc3 Bb4 4. Qb3 c5 5. dxc5 Nc6 6. Nf3 Ne4 7. Bd2 Nxd2 8. Nxd2 Bxc5 9. e3 O-O 10. Be2 b6 11. O-O Bb7 12. Rfd1 Rc8 13. Nde4 Be7 14. Nd6 Bxd6 15. Rxd6 Qg5 16. Bf1 Ne5 17. Kh1 Ng4 18. Rxd7 Qh4 19. h3 Qxh3+ 20. Kg1 Qh2# 0-1


[Site "https://www.chess.com"]

[Event "Titled Tuesday Blitz July 11 Early 2023"]
[White "Sattarov, Bobir"]
[Black "Kumsiashvili, Nikoloz"]
[WhiteFideId "14203081"]
[BlackFideId "13600621"]
[WhiteElo "2845"]
[BlackElo "2731"]
[Result "0-1"]
[Round "9"]
[TimeControl "180+2"]
[Date "2023.07.11"]
[WhiteClock "0:00:00"]
[BlackClock "0:00:19"]
[Board "17"]

1. e4 c5 2. Nf3 e6 3. d4 cxd4 4. Nxd4 Nc6 5. Nc3 Qc7 6. g3 a6 7. Bg2 h5 8. h3 h4 9. g4 Bd6 10. O-O Nxd4 11. Qxd4 Be5 12. Qd3 Ne7 13. f4 Bxc3 14. bxc3 b5 15. Ba3 Bb7 16. Rad1 Rc8 17. f5 Nc6 18. Bd6 Qb6+ 19. Kh2 Nd8 20. g5 Qc6 21. Be5 Rg8 22. Qe2 exf5 23. Bd6 f4 24. Qh5 Qxc3 25. Qh7 Rf8 26. Bxf8 Qg3+ 27. Kh1 Rxc2 28. Rg1 f3 29. Rd2 Rxd2 30. Qf5 fxg2+ 0-1


[Site "https://www.chess.com"]

[Event "Titled Tuesday Blitz July 11 Early 2023"]
[White "Pakleza, Zbigniew"]
[Black "Skliarov, Viktor"]
[WhiteFideId "1119290"]
[BlackFideId "14106736"]
[WhiteElo "2823"]
[BlackElo "2649"]
[Result "1-0"]
[Round "9"]
[TimeControl "180+2"]
[Date "2023.07.11"]
[WhiteClock "0:00:08"]
[BlackClock "0:00:02"]
[Board "18"]

1. d4 Nf6 2. Nf3 g6 3. Bf4 Bg7 4. e3 O-O 5. Be2 d6 6. h3 c5 7. c3 Qb6 8. Qb3 Be6 9. Qxb6 axb6 10. a3 Nd5 11. Bg3 cxd4 12. Nxd4 Bd7 13. Nd2 Nc6 14. O-O Nxd4 15. exd4 b5 16. Rfe1 Bc6 17. Nf1 Rfe8 18. Ne3 Nb6 19. Rad1 e5 20. Nc2 Nc4 21. Bxc4 bxc4 22. dxe5 Ba4 23. Rd2 Bxc2 24. Rxc2 dxe5 25. Rce2 Re6 26. Kf1 Rae8 27. f3 f5 28. Rd1 e4 29. fxe4 Rxe4 30. Rxe4 Rxe4 31. Rd7 b5 32. Rb7 f4 33. Bf2 g5 34. Rxb5 Bf6 35. a4 Kf7 36. a5 Re6 37. Rb6 Rxb6 38. Bxb6 Be5 39. a6 Bb8 40. Ke2 Ba7 41. Bxa7 1-0


[Site "https://www.chess.com"]

[Event "Titled Tuesday Blitz July 11 Early 2023"]
[White "Frolyanov, Dmitry"]
[Black "Bachmann, Axel"]
[WhiteFideId "4151976"]
[BlackFideId "3700488"]
[WhiteElo "2614"]
[BlackElo "2804"]
[Result "1/2-1/2"]
[Round "9"]
[TimeControl "180+2"]
[Date "2023.07.11"]
[WhiteClock "0:00:47"]
[BlackClock "0:00:09"]
[Board "19"]

1. d4 Nf6 2. c4 e6 3. Nf3 Bb4+ 4. Nbd2 O-O 5. g3 d5 6. Bg2 dxc4 7. O-O c3 8. Nc4 cxb2 9. Bxb2 Nc6 10. Qb3 Qe7 11. Rfd1 Nd5 12. Rac1 Nb6 13. e4 Nxc4 14. Qxc4 Ba3 15. Bxa3 Qxa3 16. d5 exd5 17. exd5 Na5 18. Qxc7 Bg4 19. Qc3 Qxc3 20. Rxc3 Rac8 21. Rdc1 Rxc3 22. Rxc3 Rc8 23. Rxc8+ Bxc8 24. Nd4 Kf8 25. d6 Nc4 26. d7 Bxd7 27. Bxb7 Ke7 28. Bd5 Nb6 29. Bb3 a5 30. f4 a4 31. Bc2 g6 32. Kf2 Kd6 33. Ke3 Kc5 34. Nf3 Be6 35. Bb1 Nc4+ 36. Ke2 Na3 37. Be4 Bxa2 38. Ne5 Nb5 39. Nd3+ Kd4 40. Nb4 Nc3+ 41. Kf3 Nxe4 42. Nxa2 a3 43. Nb4 Nc3 44. Nc2+ Kd5 45. Nxa3 Ke6 46. Nc2 Kf6 1/2-1/2


[Site "https://www.chess.com"]

[Event "Titled Tuesday Blitz July 11 Early 2023"]
[White "Maximov, Dmitry"]
[Black "Rakitic2010"]
[WhiteFideId "14105659"]
[WhiteElo "2795"]
[BlackElo "2495"]
[Result "1-0"]
[Round "9"]
[TimeControl "180+2"]
[Date "2023.07.11"]
[WhiteClock "0:00:06"]
[BlackClock "0:00:12"]
[Board "20"]

1. e4 c5 2. Nf3 e6 3. c3 Nf6 4. Bd3 d5 5. e5 Nfd7 6. Bc2 d4 7. O-O Nc6 8. Qe2 Be7 9. Re1 Qc7 10. Na3 a6 11. d3 b6 12. Bf4 Bb7 13. cxd4 Nxd4 14. Nxd4 cxd4 15. Rac1 Qc6 16. f3 g5 17. Bg3 g4 18. fxg4 Bg5 19. Nc4 Bxc1 20. Nd6+ Qxd6 21. exd6 Be3+ 22. Bf2 Bf4 23. Bxd4 Rg8 24. Bb3 O-O-O 25. h3 Bxd6 26. Qf2 h5 27. Bxb6 hxg4 28. h4 Nxb6 29. Qxb6 Kb8 30. Rc1 Be5 31. Kf1 Rg6 32. Bc4 Rf6+ 33. Ke1 Bg3+ 34. Kd1 Rd6 35. Qb4 Rf2 36. h5 Ka8 37. h6 Bxg2 38. Bd5+ Rxd5 39. Rc8+ Ka7 40. Qe7+ Kb6 41. Qb4+ Ka7 42. Qc4 Bf3+ 43. Kc1 Bf4+ 44. Qxf4 Rf1+ 45. Kd2 Rxd3+ 46. Kxd3 Be2+ 47. Ke3 Rxf4 48. Kxf4 e5+ 49. Ke3 g3 50. Kxe2 g2 51. Rg8 f5 52. Rxg2 f4 53. h7 f3+ 54. Kxf3 e4+ 55. Kxe4 Kb6 56. h8=Q Ka5 57. Qe5+ Ka4 58. Qc3 a5 59. Qc4# 1-0


[Site "https://www.chess.com"]

[Event "Titled Tuesday Blitz July 11 Early 2023"]
[White "NikaVolkov"]
[Black "Movahed, Sina"]
[BlackFideId "42520835"]
[WhiteElo "2710"]
[BlackElo "2996"]
[Result "1/2-1/2"]
[Round "9"]
[TimeControl "180+2"]
[Date "2023.07.11"]
[WhiteClock "0:00:10"]
[BlackClock "0:00:09"]
[Board "21"]

1. d4 Nf6 2. Nf3 g6 3. c4 Bg7 4. Nc3 O-O 5. e4 d6 6. Be2 e5 7. O-O exd4 8. Nxd4 Re8 9. Bf3 Nbd7 10. Qc2 Ne5 11. Be2 c6 12. b3 d5 13. cxd5 cxd5 14. exd5 Nxd5 15. Nxd5 Qxd5 16. Bb2 Bg4 17. Bxg4 Nxg4 18. Rad1 Rac8 19. Qb1 Qh5 20. Nf3 Bxb2 21. Qxb2 Qf5 22. Rfe1 Rxe1+ 23. Rxe1 h5 24. h3 Nf6 25. Re7 Qf4 26. Re1 Nd5 27. Ne5 Re8 28. Nd3 Rxe1+ 29. Nxe1 Qe4 30. Nf3 Nf4 31. Qf6 Ne2+ 32. Kf1 Qe8 33. Qd6 Nc3 34. Qd2 Qb5+ 35. Kg1 Qc5 36. Kf1 b5 37. Qd8+ Kg7 38. Qd2 b4 39. h4 a5 40. Kg1 Kg8 41. g3 Qf5 42. Kg2 Qe4 43. Qd8+ Kg7 44. Qxa5 Nd1 45. Qc5 Qe2 46. Qd4+ Kg8 47. Qd8+ Kg7 48. Qd2 Qxd2 49. Nxd2 Nc3 50. Kf3 Nxa2 51. Ke3 Kf6 52. Kd4 Kf5 53. f3 Nc3 54. Kd3 g5 55. hxg5 Kxg5 56. Nf1 Kf5 57. Ne3+ Kg5 58. Nc2 Na2 59. Ke4 h4 60. gxh4+ Kxh4 61. f4 Kg4 62. Ne3+ Kg3 63. Nd5 Nc3+ 64. Nxc3 bxc3 65. Kd3 Kxf4 66. Kxc3 f5 67. b4 Ke3 68. b5 f4 69. b6 f3 70. b7 f2 71. b8=Q f1=Q 72. Qe5+ Kf2 73. Kd2 Qg2 74. Qe3+ Kf1+ 75. Kd1 Qf2 76. Qh3+ Kg1 77. Qg4+ Qg2 78. Qd4+ Qf2 79. Qg7+ Qg2 80. Qc7 Qf1+ 81. Kd2 Qg2+ 82. Kd3 Qh3+ 83. Kd4 Qh4+ 84. Kd5 Qh5+ 85. Qe5 Qxe5+ 86. Kxe5 1/2-1/2


[Site "https://www.chess.com"]

[Event "Titled Tuesday Blitz July 11 Early 2023"]
[White "Vokhidov, Shamsiddin"]
[Black "Materia, Marco"]
[WhiteFideId "14204223"]
[BlackFideId "45150451"]
[WhiteElo "2916"]
[BlackElo "2703"]
[Result "1-0"]
[Round "9"]
[TimeControl "180+2"]
[Date "2023.07.11"]
[WhiteClock "0:00:42"]
[BlackClock "0:00:10"]
[Board "22"]

1. e4 c5 2. Nc3 e6 3. Nf3 Nc6 4. d4 cxd4 5. Nxd4 Qc7 6. Be3 a6 7. Qf3 b5 8. Nxc6 Qxc6 9. Bd3 Bb7 10. Qg3 Nf6 11. e5 Nd5 12. Nxd5 Qxd5 13. O-O Be7 14. Be2 O-O-O 15. c4 bxc4 16. Bxc4 Qe4 17. Rfd1 Kb8 18. Bd3 Qh4 19. Qxh4 Bxh4 20. Bc5 Rc8 21. Rac1 Bg5 22. Rc3 f6 23. Be2 Rhd8 24. Bd6+ Ka7 25. Bc7 fxe5 26. Bxd8 Rxd8 27. Rc7 d5 28. Rxg7 Bf6 29. Rxh7 e4 30. h4 d4 31. Bc4 d3 32. h5 d2 33. b3 Kb8 34. h6 e3 35. fxe3 Be4 36. Rf7 Bg5 37. Kf2 Bc2 38. Ke2 Bxd1+ 39. Kxd1 Bxh6 40. Rf6 Bxe3 41. Rxe6 Bf4 42. Rf6 Be3 43. Rxa6 Rh8 44. Rf6 Rh2 45. Rf3 Bg5 46. Bf1 Rh6 47. Rf8+ Kc7 48. Rf5 Be3 49. a4 Re6 50. a5 Bh6 51. Be2 Rc6 52. Bc4 Rg6 53. Rh5 Be3 54. Re5 Bf4 55. Re4 Bh6 56. Re6 Rxe6 57. Bxe6 Bf8 58. g4 Kc6 59. g5 Kb5 60. Kxd2 Kxa5 61. Kd3 Kb6 62. Ke4 Be7 63. g6 Bf6 64. Kf5 Bg7 65. Bc4 Kc7 66. Ke6 1-0


[Site "https://www.chess.com"]

[Event "Titled Tuesday Blitz July 11 Early 2023"]
[White "Galchenko, Matvey"]
[Black "Amilal Munkhdalai"]
[WhiteFideId "24175480"]
[BlackFideId "4903250"]
[WhiteElo "2864"]
[BlackElo "2698"]
[Result "1/2-1/2"]
[Round "9"]
[TimeControl "180+2"]
[Date "2023.07.11"]
[WhiteClock "0:00:06"]
[BlackClock "0:00:17"]
[Board "23"]

1. f4 Nf6 2. Nf3 g6 3. g3 Bg7 4. Bg2 d6 5. O-O O-O 6. d3 Bg4 7. Nc3 Nbd7 8. e4 e5 9. h3 Bxf3 10. Qxf3 h5 11. f5 Nh7 12. Be3 c6 13. a4 Bf6 14. h4 Bg7 15. Bh3 Qe7 16. Kh2 Rad8 17. Rg1 Ndf6 18. g4 hxg4 19. Bxg4 Nxg4+ 20. Qxg4 Nf6 21. Qf3 d5 22. Bg5 Qd6 23. Raf1 Rd7 24. h5 Nxh5 25. f6 Nxf6 26. Bxf6 Bxf6 27. Qxf6 Qxf6 28. Rxf6 Kg7 29. Rgf1 Rh8+ 30. Kg3 Rh5 31. a5 a6 32. exd5 cxd5 33. Rb6 Rg5+ 34. Kf2 e4 35. d4 Re7 36. Rd6 e3+ 37. Ke1 Rg2 38. Nxd5 Re4 39. Nc3 Rh4 40. Rd7 Rxc2 41. Rfxf7+ Kg8 42. Rg7+ Kh8 43. Rgf7 Rh1+ 44. Rf1 Rc1+ 45. Nd1 Rxf1+ 46. Kxf1 Rxd1+ 47. Ke2 Rd2+ 48. Kxe3 Rxb2 49. Kf4 Rb5 50. d5 Kg8 51. Kg5 Rxa5 52. Kf6 b5 53. d6 Ra1 54. Rd8+ Kh7 55. Ra8 Rd1 56. Ke7 Re1+ 57. Kd8 g5 58. d7 g4 59. Rxa6 g3 60. Ra2 Kh6 61. Rg2 Re3 62. Kc7 Rc3+ 63. Kb7 Rd3 64. Kc8 Rc3+ 65. Kb7 Rd3 66. Kc7 Rc3+ 67. Kb6 Rd3 68. Kxb5 Rxd7 69. Rxg3 Rd5+ 70. Kc6 Rg5 71. Rxg5 Kxg5 1/2-1/2


[Site "https://www.chess.com"]

[Event "Titled Tuesday Blitz July 11 Early 2023"]
[White "Perez Candelario, Manuel"]
[Black "Molina, Roberto Junio Brito"]
[WhiteFideId "2210622"]
[BlackFideId "2109450"]
[WhiteElo "2664"]
[BlackElo "2841"]
[Result "0-1"]
[Round "9"]
[TimeControl "180+2"]
[Date "2023.07.11"]
[WhiteClock "0:00:11"]
[BlackClock "0:00:09"]
[Board "24"]

1. e4 c6 2. d4 d5 3. exd5 cxd5 4. Bd3 Nc6 5. c3 g6 6. Bf4 Bf5 7. Bxf5 gxf5 8. Nf3 e6 9. Qb3 Qd7 10. Ne5 Nxe5 11. Bxe5 f6 12. Bf4 Bh6 13. Bxh6 Nxh6 14. O-O O-O-O 15. Nd2 Kb8 16. Rfe1 Rhe8 17. Rad1 Nf7 18. Qb4 Nd6 19. Nb3 Qc6 20. Re2 e5 21. dxe5 fxe5 22. Qh4 Rd7 23. Rde1 Rde7 24. f3 a6 25. Kh1 Ka8 26. h3 Qd7 27. Nc5 Qc6 28. Nd3 e4 29. Nb4 Qc5 30. Qf6 a5 31. Nc2 Re6 32. Qd4 Qxd4 33. Nxd4 R6e7 34. Kh2 Kb8 35. Kg3 Kc7 36. Kf4 b5 37. a3 Kb6 38. Nc2 Kc5 39. fxe4 fxe4 40. Ne3 Rg8 41. g4 Rf7+ 42. Kg3 Rf3+ 43. Kg2 Nc4 44. Nf5 Rxf5 45. b4+ axb4 46. axb4+ Kd6 47. Ra1 Rf3 48. Ra6+ Ke5 49. Rh6 Rxc3 50. Rxh7 e3 51. Rb7 Ke4 52. Rxb5 d4 53. Rb7 d3 54. Re7+ Ne5 55. Rxe5+ Kxe5 56. Rxe3+ Kd4 57. Re7 d2 58. Rd7+ Ke3 59. Re7+ Kd3 0-1


[Site "https://www.chess.com"]

[Event "Titled Tuesday Blitz July 11 Early 2023"]
[White "Prestia, Paris"]
[Black "Svane, Frederik"]
[WhiteFideId "30925959"]
[BlackFideId "12923044"]
[WhiteElo "2596"]
[BlackElo "2790"]
[Result "0-1"]
[Round "9"]
[TimeControl "180+2"]
[Date "2023.07.11"]
[WhiteClock "0:00:13"]
[BlackClock "0:00:14"]
[Board "25"]

1. d4 a6 2. e4 c6 3. Nc3 d5 4. Nf3 Bg4 5. exd5 cxd5 6. Bd3 Nc6 7. Ne2 Bxf3 8. gxf3 e6 9. c3 Bd6 10. Rg1 g6 11. Bg5 Qc7 12. h4 Nge7 13. Qd2 O-O-O 14. O-O-O Kb8 15. Kb1 Rc8 16. Bf6 Rhe8 17. h5 Na5 18. hxg6 hxg6 19. b3 Nac6 20. Rh1 Ng8 21. Bh4 Nge7 22. Bg3 Rh8 23. Qg5 Nf5 24. Qf6 Rxh1 25. Rxh1 Bxg3 26. fxg3 Nd6 27. g4 Ka8 28. Kb2 Na7 29. a4 b5 30. Ra1 Kb7 31. Qf4 Nc6 32. axb5 axb5 33. b4 e5 34. Qd2 e4 35. fxe4 dxe4 36. Qe3 exd3 37. d5 Nc4+ 38. Kb3 Nxe3 39. dxc6+ Qxc6 0-1


[Site "https://www.chess.com"]

[Event "Titled Tuesday Blitz July 11 Early 2023"]
[White "Siniauski, Artsiom"]
[Black "Goltsev, Dmitry"]
[WhiteFideId "13512269"]
[BlackFideId "24176710"]
[WhiteElo "2573"]
[BlackElo "2773"]
[Result "0-1"]
[Round "9"]
[TimeControl "180+2"]
[Date "2023.07.11"]
[WhiteClock "0:01:15"]
[BlackClock "0:01:18"]
[Board "26"]

1. e4 e6 2. d4 d5 3. Nc3 Nf6 4. Bg5 dxe4 5. Nxe4 Be7 6. Bxf6 gxf6 7. Nf3 f5 8. Nc3 a6 9. g3 b5 10. Bg2 Bb7 11. O-O c5 12. dxc5 Qxd1 13. Raxd1 Bxc5 14. Ne5 Bxg2 15. Kxg2 Ke7 16. a4 b4 17. Ne2 a5 18. Rd3 f6 19. Nc4 Nc6 20. Rfd1 Rhd8 21. Nf4 Rxd3 22. Rxd3 Ne5 23. Nxe5 fxe5 24. Ne2 e4 25. Rd2 Rc8 26. f3 Be3 27. Rd1 Rxc2 28. fxe4 Rxe2+ 29. Kf3 Rd2 30. Re1 Bd4 31. exf5 e5 32. b3 Rxh2 33. Rc1 Rb2 34. g4 Rxb3+ 35. Ke4 Kd6 36. Rh1 Re3# 0-1


[Site "https://www.chess.com"]

[Event "Titled Tuesday Blitz July 11 Early 2023"]
[White "Ambartsumova, Karina"]
[Black "Nasuta, Grzegorz"]
[WhiteFideId "4166299"]
[BlackFideId "1141686"]
[WhiteElo "2591"]
[BlackElo "2758"]
[Result "1-0"]
[Round "9"]
[TimeControl "180+2"]
[Date "2023.07.11"]
[WhiteClock "0:00:07"]
[BlackClock "0:00:00"]
[Board "27"]

1. d4 d5 2. Nf3 Nf6 3. c4 c6 4. g3 Bf5 5. Qb3 Qb6 6. Nc3 e6 7. c5 Qxb3 8. axb3 Be7 9. Bf4 O-O 10. Ne5 Nbd7 11. b4 a6 12. f3 Nxe5 13. Bxe5 Nd7 14. Bf4 Bg6 15. h4 h6 16. e3 Rfe8 17. g4 Bf8 18. Bg3 e5 19. Kf2 h5 20. g5 exd4 21. exd4 Bf5 22. Bh3 Bxh3 23. Rxh3 g6 24. Rd1 Bg7 25. Rhh1 Nf8 26. Kg2 Ne6 27. Bf2 Nf4+ 28. Kf1 Re7 29. Bg3 Ne6 30. Ne2 a5 31. Bd6 Ree8 32. bxa5 Rxa5 33. Kf2 Ra2 34. Rd2 Nxd4 35. Nxd4 Rxb2 36. Nc2 Bc3 37. Rhd1 Bxd2 38. Rxd2 Ra8 39. Ke2 Raa2 40. Kd3 Rb3+ 41. Ke2 Rbb2 42. Kd3 Rb1 43. Nd4 Rxd2+ 44. Kxd2 Rh1 45. Bg3 Kf8 46. Nb3 Ke7 47. Nd4 Kd7 48. Bf2 Kc7 49. Ke2 Rc1 50. Nb3 Rb1 51. Nd4 Kd7 52. Nc2 Rb3 53. Ne1 Rb2+ 54. Kf1 Ke6 55. Nd3 Kf5 56. Nxb2 1-0


[Site "https://www.chess.com"]

[Event "Titled Tuesday Blitz July 11 Early 2023"]
[White "Jarovinsky, Alexey"]
[Black "Hajiyev, Kanan"]
[WhiteFideId "14115131"]
[BlackFideId "13404148"]
[WhiteElo "2731"]
[BlackElo "2553"]
[Result "1-0"]
[Round "9"]
[TimeControl "180+2"]
[Date "2023.07.11"]
[WhiteClock "0:01:33"]
[BlackClock "0:00:07"]
[Board "28"]

1. Nc3 d5 2. e4 c6 3. g3 dxe4 4. Nxe4 Bf5 5. Bg2 e6 6. d3 Nf6 7. Qe2 Bb4+ 8. c3 Be7 9. Nf3 O-O 10. O-O c5 11. Rd1 Nc6 12. Nxf6+ Bxf6 13. Be3 Qe7 14. d4 cxd4 15. Nxd4 Nxd4 16. Bxd4 Bxd4 17. Rxd4 Rad8 18. Rad1 b6 19. Qd2 Rxd4 20. Qxd4 h6 21. h4 h5 22. Bf3 g6 23. Kg2 e5 24. Qd6 Qxd6 25. Rxd6 e4 26. Be2 Re8 27. Kf1 Bh3+ 28. Ke1 Be6 29. a3 Kf8 30. Kd2 Ke7 31. Rd4 f5 32. Ke3 Kf6 33. Kf4 Rc8 34. Ba6 Rg8 35. Rd6 Ke7 36. Rxe6+ 1-0


[Site "https://www.chess.com"]

[Event "Titled Tuesday Blitz July 11 Early 2023"]
[White "Suleymanli, Suleyman"]
[Black "Keleberda, Tymur"]
[WhiteFideId "13416375"]
[BlackFideId "14174294"]
[WhiteElo "2725"]
[BlackElo "2527"]
[Result "1-0"]
[Round "9"]
[TimeControl "180+2"]
[Date "2023.07.11"]
[WhiteClock "0:00:59"]
[BlackClock "0:00:04"]
[Board "29"]

1. Nf3 Nf6 2. g3 e6 3. Bg2 d5 4. O-O Be7 5. d4 c5 6. c4 b6 7. cxd5 Nxd5 8. e4 Nf6 9. Nc3 Bb7 10. d5 exd5 11. exd5 Nxd5 12. Nxd5 Qxd5 13. Qxd5 Bxd5 14. Re1 Nc6 15. Bf4 O-O-O 16. Rad1 Bf6 17. Rxd5 Rxd5 18. Nd2 Rhd8 19. Bxd5 Rxd5 20. Re8+ Kd7 21. Rf8 Ke7 22. Rc8 Kd7 23. Rc7+ Kd8 24. Rxc6 Bxb2 25. Nc4 Bc3 26. h4 b5 27. Ne3 Rd2 28. Rxc5 b4 29. Nd5 Rxa2 30. Nxc3 bxc3 31. Rxc3 Kd7 32. Rc7+ Ke6 33. Be3 a5 34. Rc6+ Kd7 35. Ra6 a4 36. Bd4 g6 37. Kg2 h5 38. Kf3 Ke7 39. Kf4 Kd7 40. Kg5 Ke7 41. Bc5+ Kd7 42. Kf6 Rc2 43. Be3 Rc4 44. Kxf7 Kc7 45. Kxg6 Kb7 46. Ra7+ Kc6 47. Kxh5 Kb5 48. Kg5 Kb4 49. h5 Kb3 50. h6 a3 51. h7 Rc8 52. Bd4 a2 53. h8=Q Rxh8 54. Bxh8 a1=Q 55. Bxa1 Kc2 56. Rd7 1-0


[Site "https://www.chess.com"]

[Event "Titled Tuesday Blitz July 11 Early 2023"]
[White "Weetik, Vjacheslav"]
[Black "Belov, Alexei"]
[WhiteFideId "4153472"]
[BlackFideId "4128206"]
[WhiteElo "2724"]
[BlackElo "2524"]
[Result "1/2-1/2"]
[Round "9"]
[TimeControl "180+2"]
[Date "2023.07.11"]
[WhiteClock "0:00:09"]
[BlackClock "0:00:24"]
[Board "30"]

1. d4 e6 2. c4 d5 3. Nf3 Nf6 4. g3 Be7 5. Bg2 O-O 6. O-O dxc4 7. Qc2 a6 8. a4 Bd7 9. Qxc4 Bc6 10. Bf4 Nbd7 11. Nc3 Nb6 12. Qb3 Nbd5 13. Rad1 Nxc3 14. bxc3 b5 15. axb5 axb5 16. c4 Ra3 17. Qc2 Be4 18. Qc1 bxc4 19. Qxc4 Nd5 20. Bc1 Rc3 21. Qb5 c6 22. Qa6 c5 23. dxc5 Bxc5 24. Qa1 Rc2 25. e3 Qa8 26. Qe5 Nc3 27. Bb2 f6 28. Qxe6+ Kh8 29. Bxc3 Bxf3 30. Bxf3 Qxf3 31. Bd4 Rxf2 32. Rxf2 Qxd1+ 33. Rf1 Qc2 34. Rxf6 gxf6 35. Bxf6+ Rxf6 36. Qxf6+ Kg8 37. Qe6+ Kg7 38. Qe5+ Kf7 39. Qd5+ Ke7 40. Qe5+ Kd7 41. h4 Qc1+ 42. Kf2 Qc2+ 43. Kf3 Bd6 44. Qe4 Qxe4+ 45. Kxe4 Bxg3 46. Kf5 Bxh4 47. Kg4 Bf2 48. e4 Ke6 49. Kh3 Ke5 50. Kg2 Be3 51. Kh1 Kxe4 52. Kg2 h5 53. Kh1 Bg5 54. Kh2 Kf4 55. Kg2 Kg4 56. Kh2 Bf4+ 57. Kh1 Kh3 58. Kg1 Bh2+ 59. Kh1 h4 1/2-1/2


[Site "https://www.chess.com"]

[Event "Titled Tuesday Blitz July 11 Early 2023"]
[White "Matinian, Nikita"]
[Black "Rosh Jain"]
[WhiteFideId "24129100"]
[BlackFideId "25789465"]
[WhiteElo "2712"]
[BlackElo "2426"]
[Result "0-1"]
[Round "9"]
[TimeControl "180+2"]
[Date "2023.07.11"]
[WhiteClock "0:00:00"]
[BlackClock "0:00:26"]
[Board "31"]

1. e4 c5 2. Nf3 d6 3. d4 cxd4 4. Nxd4 Nf6 5. Nc3 a6 6. Bg5 e6 7. Qf3 Be7 8. O-O-O Nbd7 9. h4 Qc7 10. a4 b6 11. Kb1 Bb7 12. Bd3 Ne5 13. Qg3 O-O-O 14. f4 Nh5 15. Qf2 Nxd3 16. Rxd3 Kb8 17. Ndb5 axb5 18. Nxb5 Qc5 19. Qxc5 dxc5 20. Bxe7 Rxd3 21. cxd3 Ka8 22. Bd6 Bc6 23. g4 Nf6 24. Nc3 Nxg4 25. h5 Nf2 26. Rg1 g6 27. Kc2 f5 28. a5 fxe4 29. axb6 Nxd3 30. Bc7 Kb7 31. h6 Rf8 32. Nd1 Nxf4 33. Rf1 g5 34. Ne3 Bb5 35. Rg1 Bd3+ 36. Kb3 Nd5 37. Nxd5 exd5 38. Rxg5 e3 39. Rg7 e2 40. Re7 Kc6 41. Kc3 c4 42. Kb4 Rf1 43. Bd8 e1=Q+ 0-1


[Site "https://www.chess.com"]

[Event "Titled Tuesday Blitz July 11 Early 2023"]
[White "JonSnowNW1"]
[Black "Vakhlamov, Igor L."]
[BlackFideId "24126748"]
[WhiteElo "2465"]
[BlackElo "2801"]
[Result "1-0"]
[Round "9"]
[TimeControl "180+2"]
[Date "2023.07.11"]
[WhiteClock "0:00:07"]
[BlackClock "0:00:02"]
[Board "32"]

1. c4 e6 2. e4 d5 3. cxd5 exd5 4. exd5 Nf6 5. Bb5+ Bd7 6. Bc4 Bd6 7. Qe2+ Be7 8. Nf3 O-O 9. O-O Re8 10. Qd3 Bg4 11. Ne5 Bh5 12. Qb3 Bd6 13. d4 Nbd7 14. f4 Nb6 15. Nc3 Rc8 16. Bd2 a6 17. Rae1 Nxc4 18. Nxc4 Bf8 19. Qxb7 Rb8 20. Qc6 Bg6 21. f5 Bh5 22. Bg5 Be7 23. Qxa6 Nxd5 24. f6 Bxf6 25. Nxd5 Bxg5 26. Qc6 Rf8 27. Ne5 Bg6 28. Nd7 Rxb2 29. Nxf8 Kxf8 30. Nxc7 Qxd4+ 31. Kh1 f6 32. Ne6+ Kg8 33. Nxd4 h5 34. Qc8+ Kh7 35. Re8 Bd3 36. Rh8+ Kg6 37. Qe8# 1-0


[Site "https://www.chess.com"]